3112 views
Uploaded 2020-08-17 12:33:15
Game version 1.32.8
17:47 long 1on1 custom game on (2)TerenasStand_LV
Game name "W3Champions-s2-20-JdaNc8A67"
Saved by RichApM
3112 views
Uploaded 2020-08-17 12:33:15
Game version 1.32.8
17:47 long 1on1 custom game on (2)TerenasStand_LV
Game name "W3Champions-s2-20-JdaNc8A67"

48 units @ 6.2k
/ 0.8k
33 buildings @ 2.9k
/ 1.4k



| Lesser Clarity Potion | 4 | 280 |
| Scroll of Regeneration | 4 | 400 |
| Potion of Mana | 1 | 200 |
| Staff of Sanctuary | 1 | 250 |
| Scroll of Town Portal | 1 | 350 |
| Scroll of Healing | 2 | 500 |
| Staff of Teleportation | 1 | 150 |
| Potion of Invisibility | 1 | 100 |
| Boots of Speed | 1 | 250 |
| Potion of Lesser Invulnerability | 1 | 150 |
| total: | 17 | 2630g |
| Peasant | 17 | 1275 | / | 0 |
| Footman | 8 | 1080 | / | 0 |
| Flying Machine | 12 | 1200 | / | 360 |
| Gryphon Rider | 4 | 1120 | / | 280 |
| Goblin Shredder | 1 | 375 | / | 100 |
| Forest Troll Shadow Priest | 3 | 585 | / | 30 |
| Forest Troll Berserker | 1 | 245 | / | 30 |
| Mud Golem | 2 | 290 | / | 20 |
| total: | 48 | 6170g | / | 820w |
| Scout Tower | 12 | 360 | / | 240 |
| Arcane Tower | 4 | 280 | / | 200 |
| Guard Tower | 10 | 700 | / | 500 |
| Altar of Kings | 1 | 180 | / | 50 |
| Farm | 11 | 880 | / | 220 |
| Barracks | 1 | 160 | / | 60 |
| Town Hall | 1 | 385 | / | 205 |
| Arcane Vault | 1 | 130 | / | 30 |
| Lumber Mill | 1 | 120 | / | 0 |
| Blacksmith | 1 | 140 | / | 60 |
| Workshop | 2 | 280 | / | 280 |
| Gryphon Aviary | 2 | 280 | / | 300 |
| Keep | 2 | 640 | / | 420 |
| Castle | 1 | 360 | / | 210 |
| total: | 33 | 2915g | / | 1445w |
| 0:00 | Peasant |
| 0:04 | Altar of Kings |
| 0:05 | Peasant |
| 0:17 | Farm |
| 0:19 | Barracks |
| 0:22 | Peasant |
| 0:33 | Peasant |
| 0:47 | Farm |
| 0:48 | Peasant |
| 1:03 | Peasant |
| 1:20 | Footman |
| 1:22 | Farm |
| 1:27 | Peasant |
| 1:40 | Footman |
| 1:40 | Footman |
| 1:47 | Peasant |
| 2:03 | Storm Bolt |
| 2:14 | Forest Troll Shadow Priest |
| 2:28 | Footman |
| 2:29 | Peasant |
| 2:41 | Farm |
| 2:44 | Peasant |
| 3:07 | Scout Tower |
| 3:10 | Footman |
| 3:21 | Thunder Clap |
| 3:38 | Arcane Tower |
| 3:44 | Thunder Clap |
| 3:50 | Town Hall |
| 3:50 | Scout Tower |
| 3:59 | Staff of Teleportation |
| 4:20 | Arcane Tower |
| 4:28 | Forest Troll Shadow Priest |
| 5:09 | Scout Tower |
| 5:10 | Peasant |
| 5:21 | Peasant |
| 5:22 | Peasant |
| 5:24 | Arcane Vault |
| 5:31 | Peasant |
| 5:35 | Arcane Tower |
| 5:39 | Lumber Mill |
| 5:51 | Peasant |
| 6:03 | Peasant |
| 6:05 | Peasant |
| 6:06 | Footman |
| 6:11 | Storm Bolt |
| 6:19 | Goblin Shredder |
| 6:41 | Footman |
| 6:43 | Lesser Clarity Potion |
| 6:45 | Scroll of Regeneration |
| 6:45 | Lesser Clarity Potion |
| 6:50 | Footman |
| 6:51 | Scout Tower |
| 6:51 | Scout Tower |
| 6:53 | Scout Tower |
| 6:56 | Scout Tower |
| 7:06 | Improved Masonry |
| 7:07 | Scout Tower |
| 7:11 | Scout Tower |
| 7:20 | Guard Tower |
| 7:34 | Guard Tower |
| 8:05 | Guard Tower |
| 8:06 | Guard Tower |
| 8:07 | Scout Tower |
| 8:08 | Guard Tower |
| 8:11 | Guard Tower |
| 8:11 | Scout Tower |
| 8:28 | Thunder Clap |
| 8:31 | Keep |
| 8:34 | Scout Tower |
| 8:38 | Lesser Clarity Potion |
| 8:39 | Scroll of Regeneration |
| 8:40 | Lesser Clarity Potion |
| 8:45 | Guard Tower |
| 9:08 | Forest Troll Shadow Priest |
| 9:08 | Forest Troll Berserker |
| 9:09 | Mud Golem |
| 9:09 | Mud Golem |
| 9:13 | Guard Tower |
| 9:15 | Guard Tower |
| 9:27 | Blacksmith |
| 9:31 | Farm |
| 11:02 | Castle |
| 11:13 | Black Gunpowder |
| 11:13 | Workshop |
| 11:14 | Workshop |
| 11:27 | Gryphon Aviary |
| 11:28 | Advanced Masonry |
| 11:30 | Gryphon Aviary |
| 11:32 | Scroll of Regeneration |
| 11:34 | Potion of Mana |
| 11:35 | Scroll of Town Portal |
| 11:43 | Potion of Invisibility |
| 11:54 | Boots of Speed |
| 12:00 | Siphon Mana |
| 12:10 | Farm |
| 12:12 | Farm |
| 12:13 | Iron Forged Swords |
| 12:20 | Flying Machine |
| 12:48 | Scroll of Regeneration |
| 12:57 | Flak Cannons |
| 12:57 | Flying Machine |
| 13:10 | Banish |
| 13:12 | Flying Machine |
| 13:14 | Steel Forged Swords |
| 13:15 | Farm |
| 13:15 | Farm |
| 13:20 | Potion of Lesser Invulnerability |
| 13:20 | Scroll of Healing |
| 13:25 | Animal War Training |
| 13:36 | Staff of Sanctuary |
| 13:43 | Gryphon Rider |
| 13:44 | Storm Hammers |
| 13:51 | Farm |
| 13:53 | Flying Machine |
| 14:17 | Farm |
| 14:21 | Holy Light |
| 14:26 | Flying Machine |
| 14:28 | Refined Gunpowder |
| 14:30 | Gryphon Rider |
| 14:38 | Scroll of Healing |
| 14:42 | Flying Machine |
| 14:59 | Flying Machine |
| 15:13 | Flying Machine |
| 15:18 | Gryphon Rider |
| 15:42 | Mithril Forged Swords |
| 15:47 | Gryphon Rider |
| 16:04 | Flying Machine |
| 16:17 | Imbued Gunpowder |
| 16:23 | Flying Machine Bombs |
| 16:28 | Divine Shield |
| 17:22 | Flying Machine |
| 17:34 | Flying Machine |
| 17:42 | Flying Machine |
| Right click | 1284 |
| Select group | 881 |
| Select | 588 |
| Build/train/purchase | 182 |
| Misc. action | 141 |
| Assign group | 102 |
| Use ability | 53 |
| Chat | 8 |
| Item give/drop | 6 |
| Esc | 4 |
48 units @ 5.9k
/ 0.4k
21 buildings @ 3.6k
/ 1.2k



| Rod of Necromancy | 2 | 300 |
| Sacrificial Skull | 1 | 50 |
| Potion of Mana | 2 | 400 |
| Potion of Healing | 1 | 150 |
| Orb of Corruption | 1 | 375 |
| Scroll of Healing | 5 | 1250 |
| total: | 12 | 2525g |
| Acolyte | 14 | 1050 | / | 0 |
| Ghoul | 22 | 2640 | / | 0 |
| Gargoyle | 9 | 1575 | / | 270 |
| Meat Wagon | 2 | 460 | / | 100 |
| Obsidian Statue | 1 | 200 | / | 35 |
| total: | 48 | 5925g | / | 405w |
| Nerubian Tower | 2 | 200 | / | 40 |
| Spirit Tower | 3 | 435 | / | 120 |
| Crypt | 4 | 800 | / | 200 |
| Altar of Darkness | 1 | 180 | / | 50 |
| Ziggurat | 5 | 750 | / | 250 |
| Tomb of Relics | 2 | 260 | / | 60 |
| Necropolis | 3 | 675 | / | 0 |
| Graveyard | 1 | 215 | / | 0 |
| Slaughterhouse | 3 | 420 | / | 405 |
| Temple of the Damned | 2 | 310 | / | 280 |
| Halls of the Dead | 1 | 320 | / | 210 |
| Black Citadel | 1 | 325 | / | 230 |
| total: | 21 | 3610g | / | 1245w |
| 0:01 | Acolyte |
| 0:03 | Crypt |
| 0:06 | Crypt |
| 0:09 | Altar of Darkness |
| 0:12 | Acolyte |
| 0:23 | Ziggurat |
| 0:31 | Acolyte |
| 0:45 | Acolyte |
| 1:02 | Tomb of Relics |
| 1:08 | Ghoul |
| 1:25 | Ziggurat |
| 1:35 | Ghoul |
| 1:35 | Ghoul |
| 1:35 | Ghoul |
| 1:49 | Ghoul |
| 2:00 | Ghoul |
| 2:10 | Rod of Necromancy |
| 2:11 | Sacrificial Skull |
| 2:15 | Carrion Beetles |
| 2:23 | Ghoul |
| 2:39 | Ghoul |
| 2:43 | Acolyte |
| 3:11 | Acolyte |
| 3:12 | Ghoul |
| 3:13 | Ziggurat |
| 3:33 | Impale |
| 3:37 | Acolyte |
| 3:41 | Ghoul |
| 4:02 | Acolyte |
| 4:07 | Nerubian Tower |
| 4:26 | Necropolis |
| 4:55 | Ghoul |
| 4:56 | Acolyte |
| 5:09 | Ziggurat |
| 5:16 | Crypt |
| 5:24 | Ghoul |
| 5:24 | Ghoul |
| 5:24 | Ghoul |
| 5:24 | Ghoul |
| 5:34 | Rod of Necromancy |
| 5:38 | Acolyte |
| 5:52 | Graveyard |
| 6:04 | Carrion Beetles |
| 6:08 | Halls of the Dead |
| 6:16 | Ghoul |
| 6:23 | Ghoul |
| 6:31 | Crypt |
| 6:38 | Ghoul |
| 6:50 | Nerubian Tower |
| 6:53 | Ghoul |
| 7:22 | Spirit Tower |
| 7:24 | Spirit Tower |
| 7:46 | Impale |
| 7:54 | Ghoul |
| 7:54 | Creature Attack |
| 8:13 | Ziggurat |
| 8:29 | Potion of Mana |
| 8:35 | Gargoyle |
| 8:35 | Black Citadel |
| 8:45 | Slaughterhouse |
| 8:47 | Temple of the Damned |
| 8:48 | Temple of the Damned |
| 8:58 | Ghoul |
| 9:09 | Unholy Strength |
| 9:17 | Slaughterhouse |
| 9:19 | Slaughterhouse |
| 9:31 | Spirit Tower |
| 10:05 | Unholy Aura |
| 10:10 | Necromancer Adept Training |
| 10:10 | Skeletal Mastery |
| 10:25 | Potion of Healing |
| 11:00 | Ghoul Frenzy |
| 11:03 | Exhume Corpses |
| 11:03 | Meat Wagon |
| 11:04 | Meat Wagon |
| 11:28 | Improved Unholy Strength |
| 11:33 | Necropolis |
| 11:47 | Tomb of Relics |
| 11:50 | Necromancer Master Training |
| 11:53 | Ghoul |
| 11:58 | Orb of Corruption |
| 12:03 | Potion of Mana |
| 12:14 | Gargoyle |
| 12:24 | Frost Nova |
| 12:27 | Death Coil |
| 12:51 | Improved Creature Attack |
| 12:51 | Creature Carapace |
| 13:17 | Stone Form |
| 13:30 | Gargoyle |
| 13:31 | Gargoyle |
| 13:34 | Obsidian Statue |
| 13:39 | Acolyte |
| 14:15 | Gargoyle |
| 14:24 | Acolyte |
| 14:35 | Frost Armor |
| 14:42 | Gargoyle |
| 14:43 | Destroyer Form |
| 15:09 | Improved Creature Carapace |
| 15:29 | Scroll of Healing |
| 15:41 | Gargoyle |
| 15:50 | Acolyte |
| 16:00 | Necropolis |
| 16:12 | Gargoyle |
| 16:19 | Gargoyle |
| 16:27 | Disease Cloud |
| 16:32 | Acolyte |
| 16:44 | Advanced Creature Attack |
| 17:01 | Scroll of Healing |
| 17:01 | Scroll of Healing |
| 17:01 | Scroll of Healing |
| 17:01 | Scroll of Healing |
| 17:23 | Unholy Aura |
| 17:28 | Carrion Beetles |
| 17:41 | Frost Nova |
| Right click | 1457 |
| Select group | 978 |
| Select | 704 |
| Misc. action | 286 |
| Build/train/purchase | 175 |
| Assign group | 113 |
| Use ability | 47 |
| Chat | 11 |
| Item give/drop | 6 |
| Remove unit | 3 |